 Dungeon Crawl Stone Soup version 0.28-a0-384-g9e0c098162 (webtiles) character file.

Game seed: 216148377500545510

197 dar the Grave Robber (level 5, 0/34 HPs)
             Began as a Vampire Necromancer on Sept 3, 2021.
             Slain by a white imp (4 damage)
             ... on level 3 of the Dungeon.
             The game lasted 00:14:07 (2862 turns).

dar the Grave Robber (Vampire Necromancer)          Turns: 2862, Time: 00:14:10

Health: 0/34       AC:  2    Str:  7    XL:     5   Next: 46%
Magic:  10/10      EV: 13    Int: 19    God:
Gold:   133        SH:  0    Dex: 14    Spells: 3/11 levels left

rFire   . . .      SeeInvis +   e - +0 short sword
rCold   . . .      Faith    .   (no shield)
rNeg    . . .      Spirit   .   a - +0 robe
rPois   .          Reflect  .   (no helmet)
rElec   .          Harm     .   (no cloak)
rCorr   .          Rampage  .   (no gloves)
Will    .....                   (no boots)
Stlth   +++.......              p - amulet of regeneration
HPRegen 1.31/turn               (no ring)
MPRegen 0.12/turn               (no ring)

@: healing quickly
A: alive, fangs 3, see invisible, vampiric 2, [frail 1]
a: Exsanguinate


You were on level 3 of the Dungeon.
You visited 1 branch of the dungeon, and saw 3 of its levels.

You collected 133 gold pieces.

Inventory:

Hand Weapons
 e - a +0 short sword (weapon)
Missiles
 d - 10 poisoned darts
Armour
 a - a +0 robe (worn)
Jewellery
 p - an amulet of regeneration (around neck)
Scrolls
 b - a scroll of blinking {unknown}
 g - 4 scrolls of identify {unknown}
 j - a scroll of amnesia {unknown}
 l - 2 scrolls of teleportation {unknown}
 m - 3 scrolls of enchant armour {unknown}
 n - a scroll of acquirement {unknown}
 r - 3 scrolls of brand weapon {unknown}
Potions
 c - a potion of degeneration {unknown}
 f - a potion of mutation {unknown}
 h - a potion of heal wounds {unknown}
 i - 2 potions of resistance
 k - 4 potions of lignification {unknown}
 o - 2 potions of cancellation {unknown}
 q - 2 potions of brilliance {unknown}
 s - a potion of curing {unknown}


   Skills:
 + Level 1.6 Fighting
 + Level 3.1 Dodging
 + Level 4.4 Stealth
 * Level 3.5 Spellcasting
 + Level 5.1 Necromancy


You had 3 spell levels left.
You knew the following spells:

 Your Spells              Type           Power      Damage    Failure   Level
a - Pain                  Necr           88%        1d8       1%          1
b - Vampiric Draining     Necr           11%        2d7       5%          3
c - Animate Dead          Necr           11%        N/A       19%         4

Your spell library contained the following spells:

 Spells                   Type           Power      Damage    Failure   Level
 Animate Skeleton         Necr           44%        N/A       1%          1
 Static Discharge         Conj/Air       3%         N/A       22%         2
 Agony                    Necr           22%        N/A       45%         5
 Lightning Bolt           Conj/Air       1%         1d12      99%         5
 Maxwell's Capacitive Co  Air            1%         ∞         100%        8


Dungeon Overview and Level Annotations

Branches:
Dungeon (3/15)

Altars:

Shops:
D:1 (

Annotations:
D:2 Sigmund


Innate Abilities, Weirdness & Mutations

Your natural rate of healing is accelerated.
You have razor-sharp teeth.
You have supernaturally acute eyesight. (SInv)
You are afflicted with vampirism and can become a bat while bloodless.
[You are frail. (-10% HP)]


Message History

The white imp disappears for a moment.
The white imp gestures at you. The puff of frost misses you.
You hit the white imp but do no damage.
The white imp is severely wounded.
The white imp misses you.
Casting: Pain (safe; 1% risk of failure)
Confirm with . or Enter, or press ? or * to list all spells.
You can't see any susceptible monsters within range! (Use Z to cast anyway.)
Casting: Pain (safe; 1% risk of failure)
Confirm with . or Enter, or press ? or * to list all spells.
There is nothing nearby to animate!
You closely miss the white imp.
The white imp is severely wounded.
The white imp closely misses you.
You hit the white imp.
The white imp is almost dead.
The white imp hits you. The white imp freezes you.
You closely miss the white imp.
The white imp is almost dead.
The white imp hits you. The white imp freezes you.
The white imp hits you but does no damage.
You hit the white imp but do no damage.
The white imp is almost dead.
The white imp barely misses you.
You barely miss the white imp.
The white imp is almost dead.
The white imp misses you.
You hit the white imp. Your bite misses the white imp.
The white imp is almost dead.
The white imp gestures at you. The puff of frost hits you!
* * * LOW HITPOINT WARNING * * *
You hit the white imp but do no damage.
The white imp is almost dead.
The white imp picks up a beetle and eats it.
The white imp hits you.
* * * LOW HITPOINT WARNING * * *
The white imp freezes you.
You die...

.... ...#.# #.##...# ###
..... ..#.# ..###..# ###..
#.#.# #.# #..# #G#... #.#.#
#.# #..# # ###...###...# #<#
#..# #.............# #.# #..#
#.######.###.####.###..#
#........# #.#.........#
########.###@#.##.###########
#...5#..##....#......#
#####.####.##.'.≈≈≈≈.#
#......####......# ########
########


You could see a white imp.

Vanquished Creatures
  Natasha (thrice) (D:3)
  Terence (D:2)
  3 adders
  A dart slug (D:3)
  6 endoplasms
  2 giant cockroaches
  4 goblins
  6 hobgoblins
  8 jackals
  2 quokkas (D:2)
  7 ball pythons
  7 bats
  4 frilled lizards
  11 kobolds
  4 rats
69 creatures vanquished.

Vanquished Creatures (collateral kills)
  An endoplasm (D:3)
1 creature vanquished.

Grand Total: 70 creatures vanquished

Notes
Turn   | Place    | Note
-------+----------+-------------------------------------------
     0 | D:1      | dar the Vampire Necromancer began the quest for the Orb.
     0 | D:1      | Reached XP level 1. HP: 13/13 MP: 3/3
   184 | D:1      | Reached XP level 2. HP: 13/19 MP: 0/5
   712 | D:1      | Gained mutation: You are afflicted with vampirism and can
                  | become a bat while bloodless. [Vampire growth]
   712 | D:1      | Reached XP level 3. HP: 24/25 MP: 4/6
   946 | D:1      | Found Fusken's Antique Weapon Shop.
  1252 | D:1      | Learned a level 3 spell: Vampiric Draining
  1402 | D:2      | Reached skill level 1 in Fighting
  1529 | D:2      | Noticed Terence
  1553 | D:2      | Reached XP level 4. HP: 24/25 MP: 3/8
  1740 | D:2      | Noticed Sigmund
  1998 | D:2      | Killed Terence
  2477 | D:3      | Noticed Natasha
  2488 | D:3      | Killed Natasha
  2489 | D:3      | Reached skill level 5 in Necromancy
  2489 | D:3      | Reached XP level 5. HP: 33/33 MP: 4/9
  2534 | D:3      | Noticed Natasha
  2537 | D:3      | Killed Natasha
  2701 | D:3      | Learned a level 4 spell: Animate Dead
  2737 | D:3      | Noticed Natasha
  2742 | D:3      | Killed Natasha
  2824 | D:3      | Noticed a floating eye
  2862 | D:3      | Slain by a white imp

Illustrated notes

Levels and vault maps discovered:
D:1:      psy_arrival_terrarium, layout_loops_ring, serial_shops,
          nicolae_shop_behind_doors, minmay_hexomino_c4
D:2:      layout_rooms, uniq_sigmund, uniq_terence
D:3:      layout_loops_ring, hellmonk_ecumenical_altar_watching_god,
          nrook_campfire, dk_vineyard_2, uniq_natasha

Skill      XL: |  1  2  3  4  5 |
---------------+----------------+-----
Fighting       | 1 |  1.6
Stealth        | 4 |  4.4
Spellcasting   | 3 |  3.5
Necromancy     | 5 |  5.1
Dodging        | 3 |  3.1

Action                   |  1- 3 |  4- 6 || total
-------------------------+-------+-------++-------
Melee: Unarmed           |     9 |       ||     9
       Short sword       |     2 |    20 ||    22
       Bite              |       |     1 ||     1
 Cast: Pain              |    73 |    53 ||   126
       Animate Dead      |       |     1 ||     1
 Abil: Exsanguinate      |     1 |       ||     1
       Revivify          |       |     1 ||     1
Armor: Robe              |     1 |     5 ||     6
Dodge: Dodged            |    20 |    21 ||    41

Table legend: (Time is in decaauts)
 A = Elapsed time spent in this place.
 B = Non-inter-level travel time spent in this place.
 C = Inter-level travel time spent in this place.
 D = Time resting spent in this place.
 E = Time spent auto-exploring this place.
 F = Levels seen in this place.
 G = Mean time per level.
                   A        B        C        D        E       F      G
               +--------+--------+--------+--------+--------+-----+--------+
         Total |   2872 |   2856 |     16 |    409 |   1899 |   3 |  957.3 |
       Dungeon |   2872 |   2856 |     16 |    409 |   1899 |   3 |  957.3 |
               +--------+--------+--------+--------+--------+-----+--------+

Top non-repeatable levels by time:
     D:1: 1267 daAuts
     D:3: 807 daAuts
     D:2: 796 daAuts
